 Dungeon Crawl Stone Soup version 0.25.1-2-g60ff931df9 (webtiles) character file.

Game seed: 11646063867024828398

173917 gruber the Eclecticist (level 17, -1/82 HPs)
             Began as a Deep Elf Ice Elementalist on Nov 22, 2020.
             Was the Champion of Vehumet.
             Slain by a nagaraja (2 damage)
             ... on level 4 of the Snake Pit.
             The game lasted 01:29:37 (38606 turns).

gruber the Eclecticist (Deep Elf Ice Elementalist) Turns: 38606, Time: 01:29:38

Health: -1/82      AC: 13    Str:  5    XL:     17   Next: 44%
Magic:  17/42      EV: 22    Int: 43    God:    Vehumet [******]
Gold:   2613       SH: 12    Dex: 15    Spells: 14/55 levels left

rFire    + . .     SeeInvis .   S - +10 mace of Malaise {flame, +Blink rPois rC- MR++ Int+3}
rCold    + . .     Gourm    .   J - +1 kite shield {rF+}
rNeg     . . .     Faith    .   I - +3 leather armour {rC+}
rPois    +         Spirit   .   M - +2 helmet {Int+3}
rElec    +         Reflect  .   g - +0 cloak "Gyzuebor" {*Corrode rF- Int+9}
rCorr    .         Harm     .   W - +0 pair of gloves
MR       ++...                  B - +0 pair of boots
Stlth    ++........             Y - amulet of the Air {Inacc +Fly rElec EV+5 RMsl}
HPRegen  0.23/turn              N - ring "Ypheirel" {rElec rC+ MR- Slay+2}
MPRegen  0.28/turn              K - ring of protection from fire

@: about to teleport, no potions, constricted, studying Crossbows, repel
missiles
A: frail 1
a: Renounce Religion, Evoke Blink, Evoke Flight


You were on level 4 of the Snake Pit.
You worshipped Vehumet.
Vehumet was exalted by your worship.
You were not hungry.

You visited 4 branches of the dungeon, and saw 27 of its levels.
You also visited: Gauntlet and Ice Cave.

You collected 3400 gold pieces.
You spent 787 gold pieces at shops.

Inventory:

Hand Weapons
 b - the +6 dagger of Sinuplui {protect, rF+ rC+ SInv}
   (You bought it in a shop on level 2 of the Orcish Mines)

   It grants its wielder temporary protection when it strikes (+7 to AC).
   It protects you from fire.
   It protects you from cold.
   It lets you see invisible.
 S - the +10 mace of Malaise (weapon) {flame, +Blink rPois rC- MR++ Int+3}
   (You found it on level 11 of the Dungeon)

   It has been specially enchanted to burn those struck by it, causing extra
   injury to most foes and up to half again as much damage against particularly
   susceptible opponents.
   It affects your intelligence (+3).
   It makes you vulnerable to cold.
   It protects you from poison.
   It affects your resistance to hostile enchantments.
   It lets you blink.
Armour
 g - the +0 cloak "Gyzuebor" (worn) {*Corrode rF- Int+9}
   (You found it in a Gauntlet)

   It affects your intelligence (+9).
   It makes you vulnerable to fire.
   It may corrode you when you take damage.
 B - a +0 pair of boots (worn)
 I - a +3 leather armour of cold resistance (worn)
 J - a +1 kite shield of fire resistance (worn)
 M - a +2 helmet of intelligence (worn)
 W - a +0 pair of gloves (worn)
Jewellery
 y - an uncursed ring of resist corrosion
 K - a ring of protection from fire (right hand)
 N - the ring "Ypheirel" (left hand) {rElec rC+ MR- Slay+2}
   (You found it on level 10 of the Dungeon)

   [ring of protection from cold]

   It affects your accuracy and damage with ranged weapons and melee attacks
   (+2).
   It protects you from cold.
   It insulates you from electricity.
   It affects your resistance to hostile enchantments.
 Y - the amulet of the Air (around neck) {Inacc +Fly rElec EV+5 RMsl}
   (You found it in a Gauntlet)

   [amulet of inaccuracy]

   It reduces the accuracy of all your attacks.
   It affects your evasion (+5).
   It insulates you from electricity.
   It lets you fly.
   It protects you from missiles.
Wands
 k - a wand of paralysis (10)
 r - a wand of polymorph (10)
 A - a wand of disintegration (6)
 G - a wand of enslavement (4)
 P - a wand of acid (6)
 Q - a wand of iceblast (27)
 V - a wand of digging (4)
Scrolls
 e - 11 scrolls of remove curse
 m - 3 scrolls of fog {unknown}
 n - 5 scrolls of magic mapping
 p - 6 scrolls of enchant weapon {unknown}
 t - 2 scrolls of blinking {unknown}
 u - 9 scrolls of teleportation
 C - a scroll of noise {unknown}
 D - a scroll of vulnerability {unknown}
 F - 2 scrolls of holy word {unknown}
 O - 5 scrolls of fear {unknown}
 Z - 3 scrolls of acquirement {unknown}
Potions
 d - a potion of invisibility
 f - 7 potions of stabbing
 i - 7 potions of heal wounds
 j - 10 potions of flight
 l - 5 potions of might
 o - 4 potions of brilliance
 q - 6 potions of lignification
 v - 2 potions of ambrosia
 w - 5 potions of haste
 z - 7 potions of curing
 E - 3 potions of berserk rage
 L - 4 potions of resistance
 T - 5 potions of magic
Books
 R - a manual of Crossbows
Miscellaneous
 a - a lightning rod (4/4)
 x - a phantom mirror
Comestibles
 c - 45 rations


   Skills:
 - Level 5.0 Fighting
   Level 0.9(1.0) Polearms
   Level 1.0(1.3) Staves
 - Level 4.0 Armour
 - Level 14.1 Dodging
 - Level 2.4 Stealth
 - Level 12.2 Shields
 * Level 19.5 Spellcasting
 - Level 15.4 Conjurations
 - Level 6.0 Summonings
 - Level 5.0 Translocations
   Level 6.1 Fire Magic
 - Level 10.1 Ice Magic
 - Level 3.6 Air Magic


You had 14 spell levels left.
You knew the following spells:

 Your Spells              Type           Power        Failure   Level  Hunger
a - Stone Arrow           Conj/Erth      ######       1%          3    None
b - Frozen Ramparts       Ice            ######       1%          3    None
c - Hailstorm             Conj/Ice       ########     1%          4    None
d - Summon Ice Beast      Ice/Summ       #######.     1%          4    None
e - Ozocubu's Refrigerat  Ice            #######...   1%          6    None
g - Freezing Cloud        Conj/Ice/Air   #######...   1%          6    None
h - Blink                 Tloc           N/A          1%          2    None
i - Iron Shot             Conj/Erth      #######...   2%          6    None
j - Spellforged Servitor  Conj/Summ      #######...   3%          7    None

Your spell library contained the following spells:

 Spells                   Type           Power        Failure   Level  Hunger
 Absolute Zero            Ice            #######...   98%         9    ####...
 Shatter                  Erth           #####.....   100%        9    ####...
 Tornado                  Air            ######....   100%        9    ####...
 Freeze                   Ice            ####         0%          1    None
 Magic Dart               Conj           ####         0%          1    None
 Animate Skeleton         Necr           N/A          1%          1    None
 Apportation              Tloc           ######       1%          1    None
 Beastly Appendage        Tmut           #####.       1%          1    None
 Corona                   Hex            #####..      1%          1    None
 Sandblast                Erth           #####.       1%          1    None
 Shock                    Conj/Air       ####         1%          1    None
 Summon Butterflies       Summ           #######.     1%          1    None
 Summon Small Mammal      Summ           ####         1%          1    None
 Call Imp                 Summ           #######.     1%          2    None
 Ensorcelled Hibernation  Hex/Ice        ######       1%          2    None
 Passwall                 Tmut/Erth      #####...     1%          2    None
 Slow                     Hex            #####...     1%          2    None
 Sticks to Snakes         Tmut           #####...     1%          2    None
 Swiftness                Chrm/Air       ######..     1%          2    None
 Call Canine Familiar     Summ           #######.     1%          3    None
 Conjure Flame            Conj/Fire      #######.     1%          3    None
 Dazzling Flash           Conj/Hex       ######       1%          3    None
 Ignite Poison            Fire/Tmut/Pois ######..     1%          3    None
 Lesser Beckoning         Tloc           ######....   1%          3    None
 Mephitic Cloud           Conj/Pois/Air  #######.     1%          3    None
 Ozocubu's Armour         Chrm/Ice       ######..     1%          3    None
 Recall                   Summ/Tloc      N/A          1%          3    None
 Static Discharge         Conj/Air       #######.     1%          3    None
 Airstrike                Air            ######....   1%          4    None
 Ice Form                 Ice/Tmut       ######..     1%          4    None
 Fireball                 Conj/Fire      #######...   1%          5    None
 Lightning Bolt           Conj/Air       #######...   1%          5    None
 Starburst                Conj/Fire      #######...   1%          6    None
 Confusing Touch          Hex            #####...     3%          3    None
 Spider Form              Tmut/Pois      #####.....   3%          3    None
 Tukima's Dance           Hex            #####...     3%          3    None
 Lee's Rapid Deconstruct  Erth           #####.....   10%         5    None
 Summon Mana Viper        Hex/Summ       ######..     10%         5    None
 Animate Dead             Necr           N/A          12%         4    None
 Petrify                  Tmut/Erth      #####...     12%         4    None
 Simulacrum               Ice/Necr       ######....   24%         6    None
 Alistair's Intoxication  Tmut/Pois      #####...     34%         5    None
 Blade Hands              Tmut           #####.....   34%         5    None
 Borgnjor's Vile Clutch   Necr/Erth      #####.....   34%         5    None
 Summon Hydra             Summ           #######...   65%         7    None
 Ignition                 Fire           #######...   82%         8    #......
 Death Channel            Necr           #####.....   88%         6    None
 Invisibility             Hex            #####...     88%         6    None
 Ring of Flames           Chrm/Fire      ######....   96%         7    None


Dungeon Overview and Level Annotations

Branches:
Dungeon (15/15)            Temple (0/1) D:7            Lair (6/6) D:11
  Swamp (0/4) Lair:3        Snake (4/4) Lair:4        Slime (0/5) Lair:6
    Orc (2/2) D:9             Elf (0/3) Orc:2        Vaults (0/5) D:14
 Depths (0/5) D:15          IceCv (visited)         Gauntlet (visited)

Altars:
Dithmenos
Elyvilon
Fedhas
Gozag
Okawaru
Ru
Sif Muna
Vehumet
Xom
Beogh
Jiyva

Shops:
D:9 *   D:10 (   D:11 *   Orc:2 (=[*   Snake:2 !

Annotations:
D:7 1 runed translucent door, othur's ghost, novice GrFi
D:11 4 runed translucent doors
D:14 3 runed translucent doors, Jiewa's ghost, journeyman MiBe; Raeveen's ghost, journeyman MiFi; Roxanne
Lair:3 1 runed translucent door, nikku's ghost, journeyman DEIE
Lair:4 exclusion: oklob plant
Lair:6 1 runed translucent door
Snake:1 Asterion


Innate Abilities, Weirdness & Mutations

You are frail. (-10% HP)


Message History

Vehumet accepts your kill.
You feel your power returning.
You kill the naga!
Vehumet accepts your kill.
You feel your power returning.
The nagaraja is almost dead.
The nagaraja hits you!
* * * LOW HITPOINT WARNING * * *
The nagaraja grabs you.
* * * LOW HITPOINT WARNING * * *
The nagaraja constricts you.
Unknown command.
You cannot drink potions in your current state!
As you read the scroll of teleportation, it crumbles to dust.
You feel strangely unstable.
An anaconda comes into view.
A naga warrior comes into view. It is wielding a +0 flail.
The nagaraja hits you.
* * * LOW HITPOINT WARNING * * *
You die...

###...
.......
###.
..⌠.†.) ##
)....†)
).).)..
##†8)8.8.
##†...)..)
#..[[[).)N
#@....)..
##N8.8.8.
.)†))S.
).).†)⌠
..⌠.†..
.......
#......
######


You could see a naga warrior, a nagaraja (catching breath) and an anaconda.

Vanquished Creatures
  Agnes (D:14)
  A storm dragon (D:15)
  6 nagarajas (Snake:4)
  Aizul (Snake:1)
  A frost giant (IceCv)
  An orc warlord (Orc:2)
  Louise (Snake:3)
  A reaper (Gauntlet)
  3 dire elephants (Lair:6)
  A minotaur (Gauntlet)
  A fire dragon (D:14)
  3 hydras
  5 naga warriors
  3 centaur warriors (D:15)
  16 anacondas
  Erica (D:8)
  3 two-headed ogres
  3 catoblepae
  2 tengu warriors (D:15)
  15 naga sharpshooters
  3 orc high priests (Orc:2)
  4 shock serpents
  A fire crab (D:15)
  3 salamander mystics (Snake:3)
  4 sea snakes
  A deep troll (D:15)
  An unseen horror (D:13)
  A flayed ghost (D:15)
  A wizard (D:14)
  4 naga ritualists
  A lindwurm (D:14)
  A wolf spider zombie (D:15)
  4 orc knights
  13 ugly things
  A wolf spider (D:15)
  A moth of wrath (Gauntlet)
  6 orc sorcerers
  A deep elf mage (D:13)
  8 mana vipers
  7 elephants
  21 salamanders
  2 ice statues (IceCv)
  8 guardian serpents
  38 black mambas
  2 gargoyles
  12 spiny frogs
  A torpor snail (Lair:6)
  10 naga magi
  Maggie (D:8)
  A kobold demonologist (D:12)
  3 rime drakes
  A freezing wraith (D:15)
  6 komodo dragons
  A queen bee (D:10)
  3 meliai (D:14)
  7 trolls
  A hornet (D:14)
  8 polar bears (IceCv)
  9 slime creatures
  5 bog bodies (Lair:3)
  12 dream sheep
  17 blink frogs
  8 hippogriffs
  A meliai zombie (D:12)
  2 shadows
  A vampire (D:12)
  A centaur simulacrum (D:15)
  52 yaks
  A wraith (D:12)
  4 wyverns
  A fire bat (shapeshifter) (D:15)
  2 basilisks
  A steam dragon (Lair:4)
  2 chaos spawn (Gauntlet)
  A human (D:10)
  A hungry ghost (D:15)
  A neqoxec (Gauntlet)
  2 hogs (D:10)
  8 wargs
  Menkaure (D:4)
  An acid dragon (D:11)
  2 vampire mosquitoes (D:14)
  A soldier ant (shapeshifter) (D:13)
  45 nagas
  8 water moccasins
  A soldier ant (D:8)
  6 porcupines
  4 sky beasts
  31 orc warriors
  A hornet zombie (D:13)
  2 phantoms
  3 black bears
  An ice beast (D:14)
  10 ogres
  10 centaurs
  19 wolves
  A big kobold (shapeshifter) (D:15)
  9 crocodiles
  4 big kobolds
  23 bullfrogs
  4 wyvern skeletons
  A water moccasin skeleton (D:7)
  11 scorpions
  30 killer bees
  3 wights (D:11)
  8 howler monkeys
  8 electric eels
  12 crimson imps
  3 centaur zombies
  4 bullfrog zombies
  6 centaur skeletons
  4 hounds
  22 orc wizards
  13 orc priests
  Crazy Yiuf (D:3)
  5 jellies
  3 iguanas
  12 worker ants
  A hound zombie (D:6)
  A hound skeleton (D:9)
  Robin (D:3)
  3 gnolls (D:9)
  12 adders
  A howler monkey skeleton (D:7)
  6 shadow imps
  An ooze (D:4)
  2 adder skeletons
  4 worms
  5 leopard geckos
  100 orcs
  A ball python (D:1)
  6 giant cockroaches
  7 hobgoblins
  9 jackals
  3 quokkas
  6 bats
  3 frilled lizards
  4 goblins
  A jackal skeleton (D:4)
  14 kobolds
  3 rats
  12 fungi
  27 plants
959 creatures vanquished.

Vanquished Creatures (collateral kills)
  Jorgrun (Snake:3)
  A dire elephant (Lair:6)
  Snorg (D:14)
  A centaur warrior (D:13)
  An anaconda (Lair:6)
  A two-headed ogre (D:15)
  3 ugly things
  A deep elf mage (D:14)
  An orc knight (D:15)
  A cyclops (D:14)
  2 centaur zombies
  A komodo dragon (Lair:3)
  A redback zombie (D:13)
  A troll (Orc:1)
  A harpy zombie (D:14)
  4 polar bears (IceCv)
  A hippogriff (Lair:5)
  4 slime creatures
  A tarantella (shapeshifter) (D:14)
  A wraith (D:11)
  8 yaks
  A hog (D:10)
  2 hungry ghosts
  A basilisk (D:15)
  A vampire mosquito (D:7)
  A warg (shapeshifter) (D:14)
  A water moccasin (Lair:5)
  3 ice beasts
  An orc warrior (D:8)
  3 ogres
  A necrophage (D:11)
  A centaur (D:9)
  A crocodile (D:10)
  3 bullfrogs
  A wyvern skeleton (D:10)
  6 killer bees
  2 wights (D:11)
  2 crimson imps
  A hound (D:14)
  A jelly (D:8)
  5 orc wizards
  2 centaur skeletons
  A bullfrog skeleton (D:13)
  A hound skeleton (D:7)
  A shadow imp (D:10)
  4 orcs
  A leopard gecko zombie (D:7)
  A quokka zombie (D:9)
86 creatures vanquished.

Vanquished Creatures (others)
  13 demonic plants (Gauntlet)
  6 fungi
  4 plants
  3 withered plants (Gauntlet)
26 creatures vanquished.

Grand Total: 1071 creatures vanquished

Notes
Turn   | Place    | Note
-------+----------+-------------------------------------------
     0 | D:1      | gruber the Deep Elf Ice Elementalist began the quest for
                  | the Orb.
     0 | D:1      | Reached XP level 1. HP: 10/10 MP: 6/6
   370 | D:1      | Reached XP level 2. HP: 15/15 MP: 8/8
   463 | D:1      | Reached skill level 5 in Ice Magic
  1072 | D:2      | Found a white marble altar of Elyvilon.
  1109 | D:2      | Reached XP level 3. HP: 15/19 MP: 7/9
  1114 | D:2      | Learned a level 3 spell: Frozen Ramparts
  1704 | D:3      | Reached XP level 4. HP: 21/24 MP: 6/10
  1764 | D:3      | Noticed Robin
  1774 | D:3      | Killed Robin
  1914 | D:3      | Found a shadowy altar of Dithmenos.
  2008 | D:3      | Found a radiant altar of Vehumet.
  2008 | D:3      | Found a shimmering altar of Xom.
  2038 | D:3      | Became a worshipper of Vehumet
  2150 | D:3      | Found a runed translucent door.
  2151 | D:3      | Noticed Crazy Yiuf
  2160 | D:3      | Killed Crazy Yiuf
  2198 | D:4      | Noticed an ogre
  2247 | D:4      | Noticed a hippogriff
  2258 | D:4      | Killed a hippogriff
  2258 | D:4      | Reached XP level 5. HP: 5/28 MP: 6/11
  2258 | D:4      | Reached XP level 6. HP: 6/32 MP: 6/12
  2437 | D:3      | Learned a level 4 spell: Hailstorm
  2638 | D:4      | Noticed Menkaure
  3057 | D:4      | Reached XP level 7. HP: 36/36 MP: 9/13
  3373 | D:4      | Found an iron altar of Okawaru.
  3470 | D:4      | Reached skill level 10 in Ice Magic
  3513 | D:4      | Learned a level 4 spell: Summon Ice Beast
  3687 | D:4      | Reached * piety under Vehumet
  3687 | D:4      | Offered knowledge of Magic Dart by Vehumet.
  3940 | D:4      | Killed Menkaure
  3940 | D:4      | Reached skill level 5 in Spellcasting
  4239 | D:5      | Entered Level 5 of the Dungeon
  4470 | D:5      | Reached skill level 6 in Spellcasting
  4470 | D:5      | Reached XP level 8. HP: 41/41 MP: 16/19
  4515 | D:5      | Found a blossoming altar of Fedhas.
  4690 | D:5      | Reached skill level 7 in Spellcasting
  4819 | D:5      | Reached skill level 1 in Summonings
  5148 | D:6      | Found a sacrificial altar of Ru.
  5444 | D:6      | Reached skill level 5 in Summonings
  5840 | D:6      | Reached skill level 1 in Conjurations
  6257 | D:7      | Reached ** piety under Vehumet
  6259 | D:7      | Offered knowledge of Sandblast by Vehumet.
  6268 | D:7      | Reached XP level 9. HP: 45/45 MP: 21/21
  6367 | D:7      | Noticed a brown ugly thing
  6368 | D:7      | Noticed a purple ugly thing
  6378 | D:7      | Killed a cyan ugly thing
  6378 | D:7      | Reached skill level 5 in Conjurations
  6383 | D:7      | Killed a purple ugly thing
  6833 | D:7      | Found a runed translucent door.
  6857 | D:7      | Noticed othur's ghost (novice GrFi)
  7071 | D:7      | Offered knowledge of Searing Ray by Vehumet.
  7080 | D:7      | Learned a level 2 spell: Searing Ray
  7161 | D:7      | Reached skill level 8 in Spellcasting
  7164 | D:7      | Reached *** piety under Vehumet
  7166 | D:7      | Reached XP level 10. HP: 50/50 MP: 15/24
  7286 | D:7      | Reached skill level 9 in Spellcasting
  7500 | D:7      | Got a crude turquoise ring
  7547 | D:7      | Reached skill level 10 in Spellcasting
  7850 | D:7      | Noticed a brown ugly thing
  7865 | D:7      | Killed a brown ugly thing
  7865 | D:7      | Offered knowledge of Stone Arrow by Vehumet.
  7870 | D:7      | Learned a level 3 spell: Stone Arrow
  7951 | D:7      | Found a staircase to the Ecumenical Temple.
  8108 | D:8      | Noticed Maggie
  8112 | D:8      | Reached skill level 11 in Spellcasting
  8116 | D:8      | Killed Maggie
  8130 | D:8      | Reached skill level 12 in Spellcasting
  8337 | D:8      | Identified the ring "Esokhy" {+Inv Int-5 Dex+4 SInv Stlth+}
                  | (You found it on level 7 of the Dungeon)
  8396 | D:8      | Reached skill level 1 in Armour
  8644 | D:8      | Reached **** piety under Vehumet
  8714 | D:8      | Noticed Erica
  8723 | D:8      | Killed Erica
  9576 | D:9      | Reached XP level 11. HP: 54/54 MP: 29/29
  9587 | D:9      | Reached skill level 5 in Dodging
  9690 | D:8      | Offered knowledge of Sticky Flame by Vehumet.
  9696 | D:8      | Learned a level 4 spell: Sticky Flame
 10130 | D:9      | Reached ***** piety under Vehumet
 10132 | D:9      | Offered knowledge of Freezing Cloud by Vehumet.
 10624 | D:9      | Found a staircase to the Orcish Mines.
 10672 | D:9      | Found Sozule's Assorted Antiques.
 10676 | D:9      | Bought an encrusted leather armour for 168 gold pieces
 10676 | D:9      | Identified the cursed +0 leather armour of the Morning {rC-
                  | Str+8 Dex-4 SInv} (You bought it in a shop on level 9 of
                  | the Dungeon)
 10864 | D:10     | Entered Level 10 of the Dungeon
 10960 | D:10     | Reached skill level 1 in Fighting
 11547 | D:10     | Got a heavily runed granite ring
 11549 | D:10     | Found Ponasophuo's Weapon Boutique.
 11556 | D:10     | Identified the ring "Ypheirel" {rElec rC+ MR- Slay+2} (You
                  | found it on level 10 of the Dungeon)
 12008 | D:10     | Learned a level 6 spell: Freezing Cloud
 12011 | D:10     | Learned a level 2 spell: Blink
 12158 | D:10     | Reached skill level 5 in Fighting
 12264 | D:10     | Reached skill level 1 in Translocations
 12264 | D:10     | Reached skill level 1 in Fire Magic
 12264 | D:10     | Reached skill level 1 in Air Magic
 12415 | D:11     | Noticed a two-headed ogre
 12429 | D:11     | Killed a two-headed ogre
 12559 | D:11     | Found a huge runed translucent gate.
 12559 | D:11     | Found a huge runed translucent gate.
 12559 | D:11     | Found a huge runed translucent gate.
 12559 | D:11     | Found a huge runed translucent gate.
 12559 | D:11     | Noticed an orc knight
 12721 | D:11     | Got a smoking mace
 12722 | D:11     | Identified the +10 mace of Malaise {flame, +Blink rPois rC-
                  | MR++ Int+3} (You found it on level 11 of the Dungeon)
 12804 | D:11     | Noticed a cyan ugly thing
 12808 | D:11     | Killed a cyan ugly thing
 12808 | D:11     | Offered knowledge of Airstrike by Vehumet.
 12829 | D:11     | Reached XP level 12. HP: 43/68 MP: 12/30
 13026 | D:11     | Found a staircase to the Lair.
 13281 | D:11     | Found Pylyn's Assorted Antiques.
 13285 | D:11     | Bought a scroll of identify for 54 gold pieces
 13285 | D:11     | Bought a scroll of identify for 54 gold pieces
 13749 | D:12     | Reached skill level 5 in Translocations
 13783 | D:12     | Reached skill level 5 in Fire Magic
 13879 | D:12     | HP: 3/68 [wyvern (15)]
 15257 | D:13     | Noticed a centaur warrior
 15266 | D:13     | Killed a centaur warrior
 15336 | D:13     | Reached skill level 10 in Dodging
 15971 | D:14     | You fall into a shaft and drop 1 floor!
 15971 | D:15     | Entered Level 15 of the Dungeon
 16204 | D:15     | Noticed a two-headed ogre
 16215 | D:15     | Killed a two-headed ogre
 16239 | D:15     | Reached XP level 13. HP: 72/72 MP: 16/31
 16364 | D:15     | Offered knowledge of Conjure Ball Lightning by Vehumet.
 16567 | D:14     | Noticed a fire dragon
 16574 | D:14     | Killed a fire dragon
 16575 | D:14     | Noticed Agnes
 16582 | D:14     | Killed Agnes
 16732 | D:14     | Noticed Snorg
 16741 | D:14     | Killed Snorg
 16938 | D:14     | Identified Roxanne's Volume of the Mountains
 16938 | D:14     | Noticed Roxanne
 17254 | D:14     | Reached skill level 10 in Conjurations
 17861 | D:14     | Found a runed translucent gate.
 17861 | D:14     | Found a runed translucent gate.
 17861 | D:14     | Found a runed translucent gate.
 17862 | D:14     | Noticed Jiewa's ghost (journeyman MiBe)
 17863 | D:14     | Noticed Raeveen's ghost (journeyman MiFi)
 17924 | D:14     | Found a gate to the Vaults.
 18237 | Lair:1   | Entered Level 1 of the Lair of Beasts
 19178 | Lair:2   | Found a frozen archway.
 19190 | IceCv    | Entered an ice cave
 19991 | IceCv    | Offered knowledge of Orb of Destruction by Vehumet.
 20059 | IceCv    | Noticed a frost giant
 20086 | IceCv    | Killed a frost giant
 20086 | IceCv    | Reached XP level 14. HP: 66/78 MP: 13/32
 21958 | Lair:3   | Found a staircase to the Swamp.
 22163 | Lair:3   | Found a runed translucent door.
 22348 | Lair:3   | Noticed nikku's ghost (journeyman DEIE)
 22490 | Lair:4   | Found a staircase to the Snake Pit.
 23821 | Lair:5   | Reached skill level 15 in Conjurations
 23822 | Lair:5   | Found a gate leading to a gauntlet.
 23834 | Gauntlet | Entered a Gauntlet
 23834 | Gauntlet | Found a transporter.
 23835 | Gauntlet | Found a large runed translucent door.
 23836 | Gauntlet | Found a large runed translucent door.
 23837 | Gauntlet | Found a large runed translucent door.
 23837 | Gauntlet | Found a large runed translucent door.
 23837 | Gauntlet | Found a runed translucent door.
 23838 | Gauntlet | Found a large runed translucent door.
 23839 | Gauntlet | Found a large runed translucent door.
 23840 | Gauntlet | Found a large runed translucent door.
 23840 | Gauntlet | Found a large runed translucent door.
 23841 | Gauntlet | Found a runed translucent gate.
 23841 | Gauntlet | Found a runed translucent gate.
 23843 | Gauntlet | Found a transporter.
 23851 | Gauntlet | Found a runed translucent gate.
 23851 | Gauntlet | Found a runed translucent door.
 23852 | Gauntlet | Found a large runed translucent door.
 23852 | Gauntlet | Found a large runed translucent door.
 23853 | Gauntlet | Found a large runed translucent door.
 23854 | Gauntlet | Found a large runed translucent door.
 23858 | Gauntlet | Found a transporter.
 23863 | Gauntlet | Found a transporter.
 23883 | Gauntlet | Found a transporter.
 23897 | Gauntlet | Found a transporter.
 23907 | Gauntlet | Noticed a reaper
 23909 | Gauntlet | Found a transporter.
 23915 | Gauntlet | Found a transporter.
 23930 | Gauntlet | Found a transporter.
 23942 | Gauntlet | Found a transporter.
 23954 | Gauntlet | Found a transporter.
 23971 | Gauntlet | Found a transporter.
 23989 | Gauntlet | Found a transporter.
 23991 | Gauntlet | Found a transporter.
 24018 | Gauntlet | Found a transporter.
 24018 | Gauntlet | Found a transporter.
 24034 | Gauntlet | Found a large runed translucent door.
 24034 | Gauntlet | Found a large runed translucent door.
 24035 | Gauntlet | Found a large runed translucent door.
 24036 | Gauntlet | Found a large runed translucent door.
 24038 | Gauntlet | Found a transporter.
 24129 | Gauntlet | Found a transporter.
 24418 | Gauntlet | Got a scorched hat
 24429 | Gauntlet | Identified the -7 hat of Surprise {rPois rF+ rC- Str+2
                  | Int+4} (You found it in a Gauntlet)
 24533 | Gauntlet | Killed a reaper
 24539 | Gauntlet | Got a warped cloak
 24550 | Gauntlet | Identified the cursed +0 cloak "Gyzuebor" {*Corrode rF-
                  | Int+9} (You found it in a Gauntlet)
 24663 | Gauntlet | Found the amulet of the Air {Inacc +Fly rElec EV+5 RMsl}
 24793 | Lair:5   | Offered knowledge of Iron Shot by Vehumet.
 24793 | Lair:5   | Reached skill level 1 in Shields
 24801 | Lair:5   | Learned a level 6 spell: Iron Shot
 25719 | Lair:6   | Entered Level 6 of the Lair of Beasts
 26430 | Lair:6   | Reached skill level 1 in Staves
 26432 | Lair:6   | Reached skill level 5 in Shields
 26975 | Lair:6   | Found a runed translucent door.
 26975 | Lair:6   | Found a viscous altar of Jiyva.
 26975 | Lair:6   | Found a staircase to the Slime Pits.
 26975 | Lair:6   | Noticed an acid blob
 26975 | Lair:6   | Noticed an acid blob
 26975 | Lair:6   | Noticed an acid blob
 27275 | Lair:6   | Reached XP level 15. HP: 82/82 MP: 26/33
 27700 | Lair:6   | Got an ichor-stained morningstar
 27701 | Lair:6   | Identified the +2 morningstar of Glamorous Purpose {vorpal,
                  | rF+ Int+4} (You found it on level 6 of the Lair of Beasts)
 27704 | Lair:6   | Got a brightly glowing robe
 27715 | Lair:6   | Identified the cursed +1 robe of the Crypt {*Contam rN+
                  | Int+4} (You found it on level 6 of the Lair of Beasts)
 27778 | Lair:6   | Gained mutation: You are frail. (-10% HP) [mutagenic glow]
 28323 | Orc:1    | Entered Level 1 of the Orcish Mines
 28499 | Orc:1    | Offered knowledge of Ozocubu's Refrigeration by Vehumet.
 28633 | D:9      | Learned a level 6 spell: Ozocubu's Refrigeration
 29367 | Orc:2    | Entered Level 2 of the Orcish Mines
 29369 | Orc:2    | Noticed an orc warlord
 29370 | Orc:2    | Found Datyzyt's General Store.
 29374 | Orc:2    | Killed an orc warlord
 29530 | Orc:2    | Found a roughly hewn altar of Beogh.
 29788 | Orc:2    | Found Rilerhia's Antique Armour Shop.
 29906 | Orc:2    | Found a staircase to the Elven Halls.
 30108 | Orc:2    | Found Saptud's Antique Weapon Boutique.
 30116 | Orc:2    | Bought an ancient dagger for 231 gold pieces
 30116 | Orc:2    | Bought a scorched long sword for 280 gold pieces
 30126 | Orc:2    | Found Rowkamnilu's Jewellery Boutique.
 30805 | D:15     | Found an opulent altar of Gozag.
 31238 | D:15     | Found a staircase to the Depths.
 31254 | D:15     | Reached skill level 10 in Shields
 32048 | D:15     | Found a large runed translucent door.
 32049 | D:15     | Found a large runed translucent door.
 32196 | D:15     | Found a shimmering altar of Xom.
 32255 | D:15     | Found an opulent altar of Gozag.
 32255 | D:15     | Noticed a storm dragon
 32264 | D:15     | Killed a storm dragon
 32569 | Snake:1  | Entered Level 1 of the Snake Pit
 32627 | Snake:1  | Identified the +6 dagger of Sinuplui {protect, rF+ rC+
                  | SInv} (You bought it in a shop on level 2 of the Orcish
                  | Mines)
 33069 | Snake:1  | Reached ****** piety under Vehumet
 33078 | Snake:1  | Noticed Aizul
 33079 | Snake:1  | Reached XP level 16. HP: 47/78 MP: 6/34
 33099 | Snake:1  | Offered knowledge of Spellforged Servitor by Vehumet.
 33180 | Snake:1  | HP: 3/78 [Aizul/bolt of poison (13)]
 33186 | Snake:1  | Killed Aizul
 33494 | Snake:1  | Noticed Asterion
 34672 | Snake:2  | Found Waexe's Distillery.
 34678 | Snake:2  | Reached skill level 13 in Spellcasting
 35004 | Snake:2  | Found an opulent altar of Gozag.
 35193 | Snake:2  | Identified the +7 long sword of the Bouncing Bones {speed,
                  | rElec rN+ Dex+3} (You bought it in a shop on level 2 of the
                  | Orcish Mines)
 35388 | Snake:2  | Reached skill level 14 in Spellcasting
 36318 | Snake:3  | Noticed Louise
 36320 | Snake:3  | Reached skill level 15 in Spellcasting
 36321 | Snake:3  | Killed Louise
 36938 | Snake:3  | Reached skill level 16 in Spellcasting
 36947 | Snake:3  | Learned a level 7 spell: Spellforged Servitor
 37165 | Snake:3  | Noticed Jorgrun
 37176 | Snake:3  | Killed Jorgrun
 38138 | Snake:4  | Entered Level 4 of the Snake Pit
 38138 | Snake:4  | Found a shimmering blue altar of Sif Muna.
 38244 | Snake:4  | Reached skill level 17 in Spellcasting
 38276 | Snake:4  | Offered knowledge of Shatter by Vehumet.
 38276 | Snake:4  | Offered knowledge of Tornado by Vehumet.
 38276 | Snake:4  | Offered knowledge of Absolute Zero by Vehumet.
 38380 | Snake:4  | Reached XP level 17. HP: 82/82 MP: 29/40
 38594 | Snake:4  | Reached skill level 18 in Spellcasting
 38598 | Snake:4  | Reached skill level 19 in Spellcasting
 38606 | Snake:4  | HP: 1/82 [nagaraja (5)]
 38606 | Snake:4  | Slain by a nagaraja

Illustrated notes

Levels and vault maps discovered:
D:1:      dpeg_arrival_solitude, layout_loops_ring
D:2:      layout_loops_ring, overflow_temple_1_default
D:3:      layout_basic, grunt_dithmenos_smoke, gammafunk_temple_overflow_wave,
          nrook_mini_vaults, uniq_crazy_yiuf_cottage, uniq_robin
D:4:      layout_loops_cross, okawaru_gym_becter, first_ration,
          minmay_strange_pillars, minmay_crossroads, uniq_menkaure
D:5:      layout_basic, fedhas_altar_1
D:6:      layout_loops_ring, nicolae_ru_great_annihilating_truth
D:7:      minmay_the_grid_octo_tiled_octocenter [minmay_the_grid_octo_horde,
          minmay_the_grid_octo_checkerflower, minmay_the_grid_octo_pinwheel,
          minmay_the_grid_octo_concentric,
          minmay_the_grid_octo_prize_ultimate_mussel_roller,
          minmay_the_grid_square_5x5_gyroscope,
          minmay_the_grid_square_5x5_inner_i, minmay_the_grid_square_5x5_fat_x,
          minmay_the_grid_square_5x5_fancy_junction], layout_basic, temple_hall,
          ebering_ghost_inner_flame
D:8:      layout_basic, uniq_maggie, uniq_erica
D:9:      layout_basic, hiddenorc1_lemuel, serial_shops, shop
D:10:     layout_rooms, serial_shops, shop, grunt_livestock, minivault_7
D:11:     lemuel_bear_cage, layout_basic, lair_entry_dummy, serial_shops,
          nicolae_shop_trees
D:12:     layout_basic
D:13:     layout_cave_pods
D:14:     layout_basic, david_vaults_4, hangedman_abyss_or_decor_stagger,
          gammafunk_ghost_cemetery, uniq_roxanne, uniq_snorg, uniq_agnes
D:15:     hangedman_depths_entry_civil_slaughter, layout_basic,
          nicolae_gozag_cash_rules_everything_around_me, jmf_multi_god_temple2
Lair:1:   layout_hall_layers, grunt_megastairs_3, infiniplex_staircase_pool_2
Lair:2:   layout_chaotic_city, portal_ice_cave_entry_pillars_1
Lair:3:   layout_regular_city, nicolae_swamp_entry_splash_gauntlet,
          ebering_ghost_inner_flame, minmay_holes, serial_bayou_shore_b
Lair:4:   layout_cave_pods, minmay_snake_entry_guardpost_medium, minivault_11,
          minmay_lair_oklob_bushes, serial_bayou_pond_b
Lair:5:   layout_gridlike, gauntlet_entry_generic
Lair:6:   due_jungle_book, layout_cave_shapes, slime_altar_2
Snake:1:  layout_rooms, st_stairs_12, grunt_ministairs_4, serial_bayou_shore_a,
          uniq_aizul, uniq_asterion
Snake:2:  layout_basic, serial_shops, shop, basic_altar, library_closet,
          nicolae_snake_linked_coils, nrook_guardian_serpent_ordinary,
          serial_bayou_shore_b
Snake:3:  cheibrodos_snake_lava_hold, layout_misc_corridors, uniq_louise,
          uniq_jorgrun
Snake:4:  grunt_snake_rune_serpentine_throne, layout_cave_town, basic_altar
Orc:1:    layout_caves, nooodl_orcs_dogs
Orc:2:    grunt_orc_gardens, layout_diamond_mine, grunt_orc_garden,
          grunt_orc_garden, grunt_orc_garden, grunt_orc_garden,
          nicolae_orc_rockfall, mines1_david

Skill      XL: |  1  2  3  4  5  6  7  8  9 10 11 12 13 14 15 16 17 |
---------------+----------------------------------------------------+-----
Ice Magic      | 5 6 8 9 10 | 10.1
Spellcasting   | 6 7 8 12 17 19 | 19.5
Summonings     | 6 |  6.0
Conjurations   | 3 9 13 15 | 15.4
Armour         | 4 |  4.0
Dodging        | 4 7 12 14 | 14.1
Fighting       | 5 |  5.0
Translocations | 3 5 |  5.0
Fire Magic     | 3 6 |  6.1
Air Magic      | 3 |  3.6
Shields        | 6 11 12 | 12.2
Staves         | 1 |  1.0
Polearms       | |  0.9
Stealth        | |  2.4

Action                   |  1- 3 |  4- 6 |  7- 9 | 10-12 | 13-15 | 16-18 || total
-------------------------+-------+-------+-------+-------+-------+-------++-------
Melee: Dagger            |    30 |    27 |       |       |    15 |       ||    72
       Whip              |       |       |   177 |     9 |       |       ||   186
       Morningstar       |       |       |       |    53 |    60 |       ||   113
       Trident           |       |       |       |   102 |       |       ||   102
       Mace              |       |       |       |    40 |   119 |    79 ||   238
       Unarmed           |       |       |       |       |    20 |       ||    20
       Staff             |       |       |       |       |     5 |       ||     5
 Cast: Freeze            |    27 |     4 |       |       |       |       ||    31
       Frozen Ramparts   |     6 |    13 |    36 |   100 |   119 |    27 ||   301
       Summon Ice Beast  |       |       |     9 |    94 |    69 |     5 ||   177
       Hailstorm         |       |       |     8 |    54 |    71 |     5 ||   138
       Searing Ray       |       |       |       |    15 |    76 |       ||    91
       Stone Arrow       |       |       |       |    57 |   189 |    26 ||   272
       Freezing Cloud    |       |       |       |     8 |    41 |     3 ||    52
       Sticky Flame      |       |       |       |     1 |       |       ||     1
       Iron Shot         |       |       |       |       |    17 |    15 ||    32
       Ozocubu's Refrige |       |       |       |       |    39 |    96 ||   135
       Spellforged Servi |       |       |       |       |       |     1 ||     1
Evoke: Lightning rod     |       |       |       |     2 |     4 |       ||     6
       Wand              |       |       |       |       |     1 |     5 ||     6
       Phantom mirror    |       |       |       |       |       |     1 ||     1
  Use: Scroll            |       |       |     2 |    14 |    13 |     8 ||    37
       Potion            |       |       |       |     1 |       |     2 ||     3
 Stab: Sleeping          |     4 |     1 |       |     2 |       |       ||     7
       Paralysed         |       |       |     1 |       |       |       ||     1
       Distracted        |       |       |       |     3 |     1 |       ||     4
  Eat: Chunk             |     3 |     2 |    15 |    23 |    43 |    12 ||    98
       Ration            |       |     1 |       |     2 |     6 |     2 ||    11
Armor: Robe              |     8 |     9 |    65 |    17 |       |       ||    99
       Leather armour    |       |       |       |   131 |   122 |    15 ||   268
Dodge: Dodged            |    27 |    17 |   117 |   304 |   514 |   106 ||  1085
       Repelled          |       |       |       |       |     9 |    13 ||    22
Block: Kite shield       |       |       |       |       |   105 |   105 ||   210
